 Dungeon Crawl Stone Soup version 0.32-a0-996-gb3226c233f (webtiles) character file.

Game seed: 8565843981415367244

299 GiantSquids the Ruffian (level 6, 0/42 HPs)
             Began as an Octopode Cinder Acolyte on Apr 23, 2024.
             Was an Elder of Ignis.
             Slain by an orc
             ... wielding a +0 hand axe
              (4 damage)
             ... on level 4 of the Dungeon.
             The game lasted 00:06:10 (3116 turns).

GiantSquids the Ruffian (Octopode Cinder Acolyte)   Turns: 3116, Time: 00:06:11

Health: 0/42       AC:  8    Str: 16    XL:     6   Next: 36%
Magic:  7/7        EV: 11    Int: 22    God:    Ignis [****..]
Gold:   157        SH:  0    Dex:  7    Spells: 7/7 levels left

rFire   + .          .
                       - Unarmed
rCold   . . .        (no shield)
rNeg    . . .        (helmet restricted)
rPois   +            (no amulet)
rElec   .            i - +6 ring of intelligence
rCorr   .            l - ring of poison resistance
SInv    .            (no ring)
Will    .....        (no ring)
Stlth   ++           (no ring)
HPRegen 0.27/turn    (no ring)
MPRegen 0.10/turn    (no ring)
                     (no ring)

%: no passive effects
@: confused, fiery-armoured
A: almost no armour, amphibious, 8 rings, camouflage 1, gelatinous body 1,
(nimble swimmer 1), tentacles
a: Renounce Religion, Fiery Armour, Foxfire Swarm, Rising Flame


You were on level 4 of the Dungeon.
You worshipped Ignis.
Ignis was greatly pleased with you.
You visited 1 branch of the dungeon, and saw 4 of its levels.

You collected 157 gold pieces.

Inventory:

Missiles
 a - 5 darts of dispersal
 s - 15 stones
Jewellery
 i - a +6 ring of intelligence (left tentacle)
 l - a ring of poison resistance (right tentacle)
 o - a ring of poison resistance
Scrolls
 b - 2 scrolls of identify {unknown}
 c - a scroll of torment {unknown}
 f - a scroll of blinking {unknown}
 g - 2 scrolls of poison {unknown}
 k - 2 scrolls of fear {unknown}
 m - a scroll of noise {unknown}
 n - a scroll of immolation {unknown}
 p - a scroll of vulnerability {unknown}
Potions
 d - 2 potions of degeneration {unknown}
 e - a potion of might {unknown}
 h - 2 potions of mutation {unknown}
 j - 3 potions of curing {unknown}
 r - a potion of lignification {unknown}


   Skills:
 - Level 3.0 Fighting
 - Level 4.0 Stealth
 * Level 6.2 Unarmed Combat
 - Level 1.0 Spellcasting
 - Level 3.0 Fire Magic


You had 7 spell levels left.
You didn't know any spells.
Your spell library contained the following spells:

 Spells                   Type           Power      Damage    Failure   Level
 Scorch                   Fire           28%        2d6       7%          2
 Sting                    Conj/Alch      4%         1d3       16%         1
 Mercury Vapours          Alch/Air       2%         N/A       22%         2
 Olgreb's Toxic Radiance  Alch           1%         N/A       83%         4
 Dispersal                Tloc           0%         N/A       100%        6
 Gell's Gavotte           Tloc           0%         2d(11-16) 100%        6
 Manifold Assault         Tloc           0%         N/A       100%        7
 Disjunction              Tloc           0%         N/A       100%        8


Dungeon Overview and Level Annotations

Branches:
Dungeon (4/15)
 Temple: D:4-7

Altars:
Cheibriados
Dithmenos
Trog


Innate Abilities, Weirdness & Mutations

You cannot wear most types of armour.
You are amphibious.
You can wear up to eight rings at the same time.
Your skin changes colour to match your surroundings (Stealth+).
Your rubbery body absorbs attacks. (AC +1, EV +1)
((You are camouflaged when in or above water. (Stealth+)))
You have tentacles for arms and can constrict up to eight enemies at once.


Message History

The orc wizard gestures at you while chanting.
The magic dart hits you.
You tentacle-slap the orc.
The orc is almost dead.
You constrict the orc, but do no damage.
The orc barely misses you.
You tentacle-slap the orc but do no damage.
You tentacle-slap the orc, but do no damage.
The orc is almost dead.
You constrict the orc.
You kill the orc!
The dart slug misses you. The orc hits you with a +0 hand axe.
You tentacle-slap the dart slug. You grab the dart slug.
The dart slug is heavily wounded.
You constrict the dart slug.
The orc wizard hits you but does no damage.
The orc hits you with a +0 hand axe! The dart slug launches a dart at you.
The slug dart hits you.
You tentacle-slap the orc wizard. Your grab misses the orc wizard.
The orc wizard is moderately wounded.
You constrict the dart slug.
You kill the dart slug!
The orc wizard hits you with a +0 dagger.
* * * LOW HITPOINT WARNING * * *
The orc hits you with a +0 hand axe.
* * * LOW HITPOINT WARNING * * *
A protective cloak of flame settles atop you.
The orc wizard casts a spell at you.
You are confused.
The orc hits you but does no damage.
The orc is burned by your cloak of flames.
The orc is lightly wounded.
The orc wizard casts a spell.
The orc wizard flickers and vanishes!
Deactivating autopickup; reactivate with Ctrl-A.
The orc barely misses you. The orc hits you with a +0 hand axe.
You die...
Ignis goes out, and joins you in death.

....w..<.............##..
.....###...(........##.
#.#.##................#
#....##................
#............##......
##................#..
##.)................
###.................
#......@o..........$
#####<................
#..#..................
##.....................
##..)#..................
##....#...##....###......
#...††...........# ..###.
#......#.........# ..#
#......###..........


You could see an orc.

Vanquished Creatures
  A black bear (D:4)
  Jessica (D:2)
  A sleepcap (D:4)
  An iguana (D:4)
  Robin (D:2)
  A gnoll (D:1)
  2 adders (D:2)
  2 dart slugs
  4 orcs
  3 ball pythons (D:3)
  6 bats
  5 endoplasms
  A giant cockroach (D:2)
  16 goblins
  2 hobgoblins
  5 jackals
  9 kobolds
  2 quokkas (D:1)
  10 frilled lizards
  9 rats
82 creatures vanquished.

Notes
Turn   | Place    | Note
-------+----------+-------------------------------------------
     0 | D:1      | GiantSquids the Octopode Cinder Acolyte began the quest for
                  | the Orb.
     0 | D:1      | Reached XP level 1. HP: 16/16 MP: 2/2
   132 | D:1      | Reached skill level 1 in Stealth
   132 | D:1      | Reached XP level 2. HP: 7/21 MP: 3/3
   349 | D:1      | HP: 1/21 [frilled lizard (3)]
   523 | D:1      | Reached XP level 3. HP: 25/26 MP: 4/4
   868 | D:1      | Reached skill level 4 in Unarmed Combat
  1356 | D:2      | Noticed Robin
  1401 | D:2      | Reached XP level 4. HP: 29/31 MP: 5/5
  1407 | D:2      | Killed Robin
  2003 | D:2      | Noticed Jessica
  2011 | D:2      | Killed Jessica
  2012 | D:2      | Reached XP level 5. HP: 22/36 MP: 6/6
  2251 | D:3      | Found a snail-covered altar of Cheibriados.
  2341 | D:3      | Found a shadowy altar of Dithmenos.
  2361 | D:3      | Found a faded altar of an unknown god.
  2381 | D:3      | Reached skill level 5 in Unarmed Combat
  2693 | D:3      | Found a bloodstained altar of Trog.
  2942 | D:4      | Noticed a black bear
  3061 | D:4      | Killed a black bear
  3062 | D:4      | Reached skill level 6 in Unarmed Combat
  3062 | D:4      | Reached XP level 6. HP: 20/42 MP: 7/7
  3116 | D:4      | Slain by an orc

Illustrated notes

Levels and vault maps discovered:
D:1:      ebering_hopf_link, layout_basic, minmay_misc_feat_iff,
          minmay_lizard_pond
D:2:      layout_basic, kennysheep_generic_room_10, uniq_jessica, uniq_robin
D:3:      layout_rooms, cheibriados_altar_1,
          nicolae_dithmenos_through_a_glass_darkly,
          mainiacjoe_overflow_24_doors, shapermc_ecumenical_altar_starsandcircs,
          serial_corexii_hall, corexii_hall_statues_x,
          chequers_hall_statues_wall_a, corexii_hall_statues_i
D:4:      layout_cave_pools, minmay_temple_entry_large_hall

Skill      XL: |  1  2  3  4  5 |
---------------+----------------+-----
Stealth        | 1 2 3 4 |  4.0
Unarmed Combat | 4 6 |  6.2
Fighting       | |  3.0
Spellcasting   | |  1.0
Fire Magic     | |  3.0

Action                     |  1- 3 |  4- 6 || total
---------------------------+-------+-------++-------
  Melee: Unarmed           |    79 |    83 ||   162
         Constrict         |    19 |    15 ||    34
         Tentacles         |    12 |    16 ||    28
         Punch             |     5 |     4 ||     9
  Throw: Javelin           |       |     3 ||     3
 Invoke: Fiery Armour      |     2 |     1 ||     3
   Stab: Sleeping          |     1 |    10 ||    11
 Armour: Skin              |    58 |    40 ||    98
  Dodge: Dodged            |    50 |    30 ||    80

Table legend: (Time is in decaauts)
 A = Elapsed time spent in this place.
 B = Non-inter-level travel time spent in this place.
 C = Inter-level travel time spent in this place.
 D = Time resting spent in this place.
 E = Time spent auto-exploring this place.
 F = Levels seen in this place.
 G = Mean time per level.
                   A        B        C        D        E       F      G
               +--------+--------+--------+--------+--------+-----+--------+
         Total |   3102 |   3021 |     81 |     75 |   2412 |   4 |  775.5 |
       Dungeon |   3102 |   3021 |     81 |     75 |   2412 |   4 |  775.5 |
               +--------+--------+--------+--------+--------+-----+--------+

Top non-repeatable levels by time:
     D:1: 1218 daAuts
     D:2: 908 daAuts
     D:3: 767 daAuts
     D:4: 207 daAuts
